 Dungeon Crawl Stone Soup version 0.28-a0-674-gdaf460b524 (webtiles) character file.

Game seed: 15034240503434848488

152 jasper the Sneak (level 5, -2/24 HPs)
             Began as a Spriggan Enchanter on Oct 17, 2021.
             Was a Priest of Fedhas.
             Killed by divine providence
             ... invoked by an orc priest
              (14 damage)
             ... on level 3 of the Dungeon.
             The game lasted 00:07:53 (3599 turns).

jasper the Sneak (Spriggan Enchanter)               Turns: 3599, Time: 00:07:54

Health: -2/24      AC:  3    Str:  4    XL:     5   Next: 11%
Magic:  4/10       EV: 19    Int: 17    God:    Fedhas [***...]
Gold:   109        SH:  0    Dex: 16    Spells: 1/9 levels left

rFire   . . .      SeeInvis +   a - +1 dagger (vorpal)
rCold   . . .      Faith    .   (shield restricted)
rNeg    . . .      Spirit   .   b - +1 robe
rPois   .          Reflect  .   (helmet restricted)
rElec   .          Harm     .   (no cloak)
rCorr   .          Rampage  .   (gloves unavailable)
Will    .....                   (boots unavailable)
Stlth   +++.......              (no amulet)
HPRegen 0.08/turn               (no ring)
MPRegen 0.12/turn               (no ring)

@: very quick
A: very small, no large weapons, unfitting armour, see invisible, speed 3
a: Renounce Religion, Wall of Briars, Grow Ballistomycete


You were on level 3 of the Dungeon.
You worshipped Fedhas.
Fedhas was most pleased with you.
You visited 1 branch of the dungeon, and saw 3 of its levels.

You collected 109 gold pieces.

Inventory:

Hand Weapons
 a - a +1 vorpal dagger (weapon)
 d - a +0 dagger of speed
Missiles
 e - 32 stones
 g - 4 poisoned darts
Armour
 b - a +1 robe (worn)
Magical Staves
 l - a staff of cold
Scrolls
 j - a scroll of teleportation
Potions
 c - a potion of invisibility
 f - a potion of haste
 h - a potion of curing
 i - a potion of mutation {unknown}
 k - a potion of brilliance {unknown}
 n - 2 potions of attraction


   Skills:
 - Level 1.1 Short Blades
 + Level 4.6 Dodging
 + Level 6.3 Stealth
 - Level 2.6 Spellcasting
 + Level 5.0 Hexes


You had one spell level left.
You knew the following spells:

 Your Spells              Type           Power      Damage    Failure   Level
a - Ensorcelled Hibernat  Hex/Ice        20%        N/A       10%         2
b - Confusing Touch       Hex            19%        N/A       7%          3
c - Tukima's Dance        Hex            19%        N/A       7%          3

Your spell library contained the following spells:

 Spells                   Type           Power      Damage    Failure   Level
 Dazzling Flash           Conj/Hex       20%        N/A       19%         3
 Corpse Rot               Necr/Air       4%         N/A       26%         2
 Dispel Undead            Necr           2%         3d7       87%         4
 Olgreb's Toxic Radiance  Pois           2%         N/A       87%         4
 Death Channel            Necr           1%         N/A       100%        6
 Ozocubu's Refrigeration  Ice            1%         4d5       100%        7
 Ignition                 Fire           1%         3d3       100%        8


Dungeon Overview and Level Annotations

Branches:
Dungeon (3/15)

Altars:
Fedhas

Shops:
D:1 (


Innate Abilities, Weirdness & Mutations

You are very small and have problems with some larger weapons.
You are too small for most types of armour.
You have supernaturally acute eyesight. (SInv)
You cover ground extremely quickly. (Speed+++)


Message History

You see here an adder corpse.
Found an escape hatch in the ceiling.
MP restored: 10 A frilled lizard comes into view.
The helpless frilled lizard fails to defend itself.
You impale the frilled lizard!!
You kill the frilled lizard!
Fedhas appreciates your contribution to the ecosystem.
Key pressed, stopping explore.
Aiming: Ensorcelled Hibernation (safe; 10% risk of failure)
Press: ? - help, Q - select action, (/) - cycle Shift-Dir - straight line, f - you That would be overly suicidal.
Okay, then.
An orc comes into view. It is wielding a +0 club.
Aiming: Ensorcelled Hibernation (safe; 10% risk of failure)
Press: ? - help, Q - select action, (/) - cycle Shift-Dir - straight line, f - orc priest
Aim: an orc priest, wielding a +0 trident (wandering, hasn't noticed you, chance to affect: 41%)
The orc priest shouts!
The orc priest resists with some effort.
The orc shouts!
You now have 8/10 mp.
Aiming: Ensorcelled Hibernation (safe; 10% risk of failure)
Press: ? - help, Q - select action, (/) - cycle Shift-Dir - straight line, f/p - orc priest
Aim: an orc priest, wielding a +0 trident (chance to affect: 41%)
The orc priest resists with some effort.
The orc priest invokes the aid of Beogh against you.
Beogh smites you!
Ouch! That really hurt!
You take 12 damage, and have 12/24 hp.
MASSIVE DAMAGE!!
You now have 6/10 mp.
Aiming: Ensorcelled Hibernation (safe; 10% risk of failure)
Press: ? - help, Q - select action, (/) - cycle Shift-Dir - straight line, f/p - orc priest
Aim: an orc priest, wielding a +0 trident (chance to affect: 41%)
The orc priest resists with some effort.
The orc priest barely misses you. The orc misses you.
You now have 4/10 mp.
The orc priest calls down the wrath of Beogh upon you.
Beogh smites you!
Ouch! That really hurt!
You die...
Fedhas appreciates your contribution to the ecosystem.

......#.>.....########
......................
#######.......######## #
##.....### #
#........#### #
#...........# #
#.......###.## .
########)....####.o#....
#......<#....#.o@........
......>.###......###.....
.................# .....
#.......###......# ....
######### #..<...# ###
########


You could see an orc priest and an orc.

Vanquished Creatures
  5 adders
  4 gnolls (D:2)
  2 dart slugs
  2 orcs (D:3)
  7 endoplasms
  A giant cockroach (D:2)
  7 goblins
  9 hobgoblins
  11 kobolds
  A quokka (D:1)
  7 ball pythons
  3 bats
  2 frilled lizards
  6 rats
67 creatures vanquished.

Notes
Turn   | Place    | Note
-------+----------+-------------------------------------------
     0 | D:1      | jasper the Spriggan Enchanter began the quest for the Orb.
     0 | D:1      | Reached XP level 1. HP: 9/9 MP: 5/5
   104 | D:1      | Found a faded altar of an unknown god.
   115 | D:1      | Prayed at the altar of an unknown god.
   115 | D:1      | Became a worshipper of Fedhas Madash
   115 | D:1      | Reached * piety under Fedhas
   325 | D:1      | Reached XP level 2. HP: 13/13 MP: 6/6
   336 | D:1      | Learned a level 2 spell: Ensorcelled Hibernation
   638 | D:1      | Found Awit's Antique Weapon Shop.
   644 | D:1      | Reached skill level 5 in Stealth
  1024 | D:1      | Reached ** piety under Fedhas
  1043 | D:1      | Reached XP level 3. HP: 5/16 MP: 0/8
  1047 | D:1      | Learned a level 3 spell: Confusing Touch
  1883 | D:2      | Reached XP level 4. HP: 21/21 MP: 0/9
  2289 | D:2      | Reached skill level 6 in Stealth
  2644 | D:3      | HP: 1/21 [orc priest/divine providence (10)]
  3015 | D:3      | Learned a level 3 spell: Tukima's Dance
  3164 | D:3      | Reached XP level 5. HP: 20/24 MP: 3/10
  3362 | D:3      | Reached skill level 5 in Hexes
  3392 | D:3      | Reached *** piety under Fedhas
  3599 | D:3      | Killed from afar by an orc priest

Illustrated notes

Levels and vault maps discovered:
D:1:      ncdulo_wetmaze, layout_rooms, shapermc_ecumenical_altar_venn,
          serial_shops, nicolae_shop_stone
D:2:      layout_rooms
D:3:      layout_rooms

Skill      XL: |  1  2  3  4  5 |
---------------+----------------+-----
Dodging        | 3 4 |  4.6
Hexes          | 4 5 |  5.0
Stealth        | 5 6 |  6.3
Short Blades   | |  1.1
Spellcasting   | |  2.6

Action                   |  1- 3 |  4- 6 || total
-------------------------+-------+-------++-------
Melee: Dagger            |    86 |    52 ||   138
 Cast: Ensorcelled Hiber |    36 |    27 ||    63
       Confusing Touch   |       |     1 ||     1
  Use: Scroll            |     6 |     2 ||     8
 Stab: Sleeping          |    38 |    19 ||    57
       Distracted        |       |     1 ||     1
Armor: Robe              |     6 |     6 ||    12
Dodge: Dodged            |    48 |    32 ||    80

Table legend: (Time is in decaauts)
 A = Elapsed time spent in this place.
 B = Non-inter-level travel time spent in this place.
 C = Inter-level travel time spent in this place.
 D = Time resting spent in this place.
 E = Time spent auto-exploring this place.
 F = Levels seen in this place.
 G = Mean time per level.
                   A        B        C        D        E       F      G
               +--------+--------+--------+--------+--------+-----+--------+
         Total |   2913 |   2836 |     77 |   1030 |   1166 |   3 |  971.0 |
       Dungeon |   2913 |   2836 |     77 |   1030 |   1166 |   3 |  971.0 |
               +--------+--------+--------+--------+--------+-----+--------+

Top non-repeatable levels by time:
     D:1: 1368 daAuts
     D:2: 1105 daAuts
     D:3: 439 daAuts
